TOP OF THE 1ST |
Pulaski Yankees batting - Pitching for Seattle (APP) Mariners : LHP Aidan Smith
|
Pitching: LHP Aidan Smith
|
|
Batting: RHB Bobby Melillo
|
0-0: Ground out 6-3 (Groundball, 6, EV 88.1 MPH)
|
Batting: RHB Colby Macon
|
0-0: Ball 1-0: Ball 2-0: Swinging Strike 2-1: Called Strike 2-2: Strikes out swinging
|
Batting: SHB Blake Abbott
|
0-0: Ball 1-0: DOUBLE (Line Drive, 9LM, EV 91.2 MPH)
|
Batting: SHB Victor Ruiz
|
0-0: Foul Ball, location: 2F 0-1: Swinging Strike 0-2: Ball 1-2: Ground out 6-3 (Groundball, 6, EV 109.4 MPH)
|
Top of the 1st over - 0 runs, 1 hit, 0 errors, 1 left on base; Pulaski 0 - Seattle (APP) 0 |
BOTTOM OF THE 1ST |
Seattle (APP) Mariners batting - Pitching for Pulaski Yankees : RHP Eric Aguilar
|
Pitching: RHP Eric Aguilar
|
|
Batting: SHB Tony Morales
|
0-0: Ball 1-0: Called Strike 1-1: SINGLE (Groundball, 4M, EV 101.2 MPH) (infield hit)
|
Batting: RHB Mike Conaway
|
0-0: Called Strike 0-1: Ball 1-1: Ball 2-1: SINGLE (Groundball, 34, EV 98.8 MPH) Tony Morales to second Runner from 2nd tries for 3rd, SAFE, throw by RF made to third Mike Conaway to second
|
Batting: LHB Omar Colunga
|
0-0: Foul Ball, location: 2F 0-1: Swinging Strike 0-2: Ground out U3 (Groundball, 3, EV 104.4 MPH)
|
Batting: RHB Chris Van Niel
|
0-0: Swinging Strike 0-1: SINGLE (Line Drive, 9LS, EV 98.1 MPH) Tony Morales scores Mike Conaway to third Throwing error, E9 Mike Conaway scores Chris Van Niel to second
|
Batting: RHB Ivan Davila
|
0-0: Called Strike 0-1: Foul Ball, location: 2F 0-2: Ball 1-2: Fly out, F2 (Popup, 3SF, EV 85.6 MPH)
|
Batting: LHB Chang Huie
|
0-0: Ground out 5-3 (Groundball, 15, EV 86.9 MPH)
|
Bottom of the 1st over - 2 runs, 3 hits, 1 error, 1 left on base; Pulaski 0 - Seattle (APP) 2 |
TOP OF THE 2ND |
Pulaski Yankees batting - Pitching for Seattle (APP) Mariners : LHP Aidan Smith
|
Batting: LHB Dan Morris
|
0-0: Ball 1-0: Swinging Strike 1-1: Ball 2-1: Foul Ball, location: 2F 2-2: SINGLE (Groundball, 56S, EV 70.0 MPH) (infield hit)
|
Batting: RHB Seth Rutz
|
0-0: Called Strike 0-1: Swinging Strike 0-2: Ball 1-2: Strikes out swinging
|
Batting: RHB Nick Dunton
|
0-0: Swinging Strike 0-1: Ball 1-1: Ball 2-1: Foul Ball, location: 2F 2-2: Foul Ball, location: 2F 2-2: Foul Ball, location: 2F 2-2: Fly out, F7 (Flyball, 7LD, EV 96.9 MPH)
|
Batting: RHB Graham Murphy
|
0-0: Ball 1-0: Fielders Choice at 2nd, 6-4 (Groundball, 6, EV 106.2 MPH)
|
Top of the 2nd over - 0 runs, 1 hit, 0 errors, 1 left on base; Pulaski 0 - Seattle (APP) 2 |
BOTTOM OF THE 2ND |
Seattle (APP) Mariners batting - Pitching for Pulaski Yankees : RHP Eric Aguilar
|
Batting: RHB Victor Rosas
|
0-0: Fly out, F9 (Line Drive, 9, EV 88.1 MPH)
|
Batting: RHB John Vasquez
|
0-0: Ball 1-0: Ball 2-0: Ball 3-0: Base on Balls
|
Batting: RHB Omar Solis
|
0-0: Ball 1-0: Swinging Strike 1-1: Ball 2-1: Ball 3-1: Called Strike 3-2: Strikes out looking
|
Batting: SHB Tony Morales
|
Pickoff Throw to First - Error! E1 John Vasquez to second 0-0: Ball 1-0: Ball 2-0: Ball Passed Ball! John Vasquez to third 3-0: Called Strike 3-1: Foul Ball, location: 2F 3-2: Foul Ball, location: 2F 3-2: Foul Ball, location: 2F 3-2: Foul Ball, location: 2F 3-2: Foul Ball, location: 2F 3-2: Strikes out swinging
|
Bottom of the 2nd over - 0 runs, 0 hits, 1 error, 1 left on base; Pulaski 0 - Seattle (APP) 2 |
TOP OF THE 3RD |
Pulaski Yankees batting - Pitching for Seattle (APP) Mariners : LHP Aidan Smith
|
Batting: RHB Roberto Tena
|
0-0: Called Strike 0-1: Ball 1-1: Reached on error, E2 (Groundball, 2R, EV 65.6 MPH)
|
Batting: RHB Bobby Melillo
|
0-0: Ball 1-0: Ball Roberto Tena steals 2nd base 2-0: Foul Ball, location: 2F 2-1: Ground out 5-3 (Groundball, 56S, EV 64.4 MPH) Roberto Tena to third
|
Batting: RHB Colby Macon
|
0-0: Ground out 6-3 (Groundball, 6, EV 106.2 MPH) Roberto Tena scores
|
Batting: SHB Blake Abbott
|
0-0: Called Strike 0-1: Foul Ball, location: 2F 0-2: Ball 1-2: Ball 2-2: Ball 3-2: Foul Ball, location: 2F 3-2: Foul Ball, location: 2F 3-2: Foul Ball, location: 2F 3-2: Base on Balls
|
Batting: SHB Victor Ruiz
|
0-0: Fly out, F9 (Line Drive, 89M, EV 97.5 MPH)
|
Top of the 3rd over - 1 run, 0 hits, 1 error, 1 left on base; Pulaski 1 - Seattle (APP) 2 |
BOTTOM OF THE 3RD |
Seattle (APP) Mariners batting - Pitching for Pulaski Yankees : RHP Eric Aguilar
|
Batting: RHB Mike Conaway
|
0-0: Called Strike 0-1: Ball 1-1: Foul Ball, location: 2F 1-2: Ball 2-2: Ball 3-2: Foul Ball, location: 2F 3-2: Fly out, F7 (Flyball, 7, EV 88.1 MPH)
|
Batting: LHB Omar Colunga
|
0-0: Called Strike 0-1: Ball 1-1: Foul Ball, location: 2F 1-2: Ball 2-2: Foul Ball, location: 2F 2-2: Strikes out swinging passed ball, reaches first!
|
Batting: RHB Chris Van Niel
|
0-0: SINGLE (Line Drive, 8RS, EV 102.5 MPH) Omar Colunga to second
|
Batting: RHB Ivan Davila
|
0-0: Ball 1-0: Swinging Strike 1-1: Ball Passed Ball! Omar Colunga to third Chris Van Niel to second 2-1: Foul Ball, location: 2F 2-2: Strikes out swinging
|
Batting: LHB Chang Huie
|
0-0: Ball 1-0: Ball 2-0: Ball 3-0: Called Strike 3-1: Foul Ball, location: 2F 3-2: Ground out 6-3 (Groundball, 6, EV 105.0 MPH)
|
Bottom of the 3rd over - 0 runs, 1 hit, 0 errors, 2 left on base; Pulaski 1 - Seattle (APP) 2 |
TOP OF THE 4TH |
Pulaski Yankees batting - Pitching for Seattle (APP) Mariners : LHP Aidan Smith
|
Batting: LHB Dan Morris
|
0-0: Ball 1-0: Ball 2-0: Ball 3-0: Base on Balls
|
Batting: RHB Seth Rutz
|
0-0: Ball 1-0: Foul Ball, location: 2F 1-1: Foul Ball, location: 2F 1-2: Grounds into double play, 5-4-3 (Groundball, 56, EV 78.8 MPH)
|
Batting: RHB Nick Dunton
|
0-0: Ball 1-0: Foul Ball, location: 2F 1-1: Fly out, F4 (Popup, 4D, EV 61.2 MPH)
|
Top of the 4th over - 0 runs, 0 hits, 0 errors, 0 left on base; Pulaski 1 - Seattle (APP) 2 |
BOTTOM OF THE 4TH |
Seattle (APP) Mariners batting - Pitching for Pulaski Yankees : RHP Eric Aguilar
|
Batting: RHB Victor Rosas
|
0-0: Ball 1-0: Called Strike 1-1: SINGLE (Groundball, 6MD, EV 101.9 MPH)
|
Batting: RHB John Vasquez
|
0-0: Ball 1-0: Ball 2-0: Called Strike 2-1: Foul Ball, location: 2F 2-2: Fielders Choice at 2nd, 4-6 (Groundball, 4, EV 90.6 MPH)
|
Batting: RHB Omar Solis
|
0-0: Grounds into double play, 6-4-3 (Groundball, 6, EV 105.0 MPH)
|
Bottom of the 4th over - 0 runs, 1 hit, 0 errors, 0 left on base; Pulaski 1 - Seattle (APP) 2 |
TOP OF THE 5TH |
Pulaski Yankees batting - Pitching for Seattle (APP) Mariners : LHP Aidan Smith
|
Batting: RHB Graham Murphy
|
0-0: Called Strike 0-1: Foul Ball, location: 2F 0-2: Ball 1-2: DOUBLE (Line Drive, 89XD, EV 102.5 MPH)
|
Batting: RHB Roberto Tena
|
0-0: Called Strike 0-1: Ball 1-1: Ball 2-1: Ground out 4-3 (Groundball, 4M, EV 79.4 MPH) Graham Murphy to third
|
Batting: RHB Bobby Melillo
|
0-0: 2-RUN HOME RUN (Line Drive, 78XD, EV 108.1 MPH), Distance : 420 ft
|
Batting: RHB Colby Macon
|
0-0: Ball 1-0: Called Strike 1-1: Swinging Strike 1-2: Foul Ball, location: 2F 1-2: Foul Ball, location: 2F 1-2: Strikes out swinging
|
Batting: SHB Blake Abbott
|
0-0: Called Strike 0-1: Foul Ball, location: 2F 0-2: Ground out 6-3 (Groundball, 6, EV 83.1 MPH)
|
Top of the 5th over - 2 runs, 2 hits, 0 errors, 0 left on base; Pulaski 3 - Seattle (APP) 2 |
BOTTOM OF THE 5TH |
Seattle (APP) Mariners batting - Pitching for Pulaski Yankees : RHP Eric Aguilar
|
Batting: SHB Tony Morales
|
0-0: Called Strike 0-1: Called Strike 0-2: Strikes out swinging
|
Pitching: RHP Bobby Savoy
|
|
Batting: RHB Mike Conaway
|
0-0: Foul Ball, location: 2F 0-1: Foul Ball, location: 2F 0-2: Foul Ball, location: 2F 0-2: SINGLE (Groundball, 56D, EV 103.1 MPH)
|
Batting: LHB Omar Colunga
|
0-0: Ball 1-0: Fielders Choice at 2nd, 1-6 (Groundball, 34S, EV 73.8 MPH)
|
Batting: RHB Chris Van Niel
|
0-0: Ball Passed Ball! Omar Colunga to second 1-0: Foul Ball, location: 2F 1-1: Ball 2-1: Fly out, F8 (Flyball, 8LXD, EV 100.6 MPH)
|
Bottom of the 5th over - 0 runs, 1 hit, 0 errors, 1 left on base; Pulaski 3 - Seattle (APP) 2 |
TOP OF THE 6TH |
Pulaski Yankees batting - Pitching for Seattle (APP) Mariners : LHP Aidan Smith
|
Batting: SHB Victor Ruiz
|
0-0: Called Strike 0-1: Ball 1-1: Foul Ball, location: 2F 1-2: Strikes out swinging
|
Batting: LHB Dan Morris
|
0-0: Called Strike 0-1: Ball 1-1: Ball 2-1: Foul Ball, location: 2F 2-2: Ball 3-2: Fly out, F7 (Flyball, 78S, EV 90.0 MPH)
|
Batting: RHB Seth Rutz
|
0-0: Called Strike 0-1: Foul Ball, location: 2F 0-2: Foul Ball, location: 2F 0-2: Foul Ball, location: 2F 0-2: Strikes out looking
|
Top of the 6th over - 0 runs, 0 hits, 0 errors, 0 left on base; Pulaski 3 - Seattle (APP) 2 |
BOTTOM OF THE 6TH |
Seattle (APP) Mariners batting - Pitching for Pulaski Yankees : RHP Bobby Savoy
|
Batting: RHB Ivan Davila
|
0-0: Ball 1-0: Foul Ball, location: 2F 1-1: Ground out 5-3 (Groundball, 56S, EV 81.2 MPH)
|
Batting: LHB Chang Huie
|
0-0: Ball 1-0: Foul Ball, location: 2F 1-1: Foul Ball, location: 2F 1-2: Strikes out swinging
|
Batting: RHB Victor Rosas
|
0-0: Ground out 6-3 (Groundball, 6, EV 94.4 MPH)
|
Bottom of the 6th over - 0 runs, 0 hits, 0 errors, 0 left on base; Pulaski 3 - Seattle (APP) 2 |
TOP OF THE 7TH |
Pulaski Yankees batting - Pitching for Seattle (APP) Mariners : LHP Aidan Smith
|
Pitching: LHP Ed Gilroy
|
|
Batting: RHB Nick Dunton
|
0-0: Ball 1-0: Ground out 6-3 (Groundball, 6, EV 83.8 MPH)
|
Batting: RHB Graham Murphy
|
0-0: Called Strike 0-1: Called Strike 0-2: Ball 1-2: Ball 2-2: Strikes out swinging
|
Batting: RHB Roberto Tena
|
0-0: Ball 1-0: Called Strike 1-1: Called Strike 1-2: Ball 2-2: Foul Ball, location: 2F 2-2: Ground out 5-3 (Groundball, 56, EV 89.4 MPH)
|
Top of the 7th over - 0 runs, 0 hits, 0 errors, 0 left on base; Pulaski 3 - Seattle (APP) 2 |
BOTTOM OF THE 7TH |
Seattle (APP) Mariners batting - Pitching for Pulaski Yankees : RHP Bobby Savoy
|
Batting: RHB John Vasquez
|
0-0: Called Strike 0-1: SINGLE (Groundball, 4MD, EV 85.0 MPH) (infield hit)
|
Batting: RHB Omar Solis
|
0-0: Bunt - Flyout to 2L! F2
|
Batting: SHB Tony Morales
|
0-0: Called Strike 0-1: Foul Ball, location: 2F 0-2: Strikes out swinging
|
Batting: RHB Mike Conaway
|
0-0: Ball John Vasquez steals 2nd base 1-0: Ground out 6-3 (Groundball, 56, EV 105.0 MPH)
|
Bottom of the 7th over - 0 runs, 1 hit, 0 errors, 1 left on base; Pulaski 3 - Seattle (APP) 2 |
TOP OF THE 8TH |
Pulaski Yankees batting - Pitching for Seattle (APP) Mariners : LHP Ed Gilroy
|
Pitching: RHP Jose Rios
|
|
Batting: RHB Bobby Melillo
|
0-0: Ball 1-0: Foul Ball, location: 2F 1-1: Called Strike 1-2: Ball 2-2: Fly out, F8 (Flyball, 8RD, EV 96.2 MPH)
|
Batting: RHB Colby Macon
|
0-0: Foul Ball, location: 2F 0-1: Foul Ball, location: 2F 0-2: Ball 1-2: Ground out 5-3 (Groundball, 56D, EV 103.8 MPH)
|
Batting: SHB Blake Abbott
|
0-0: Foul Ball, location: 2F 0-1: Called Strike 0-2: Strikes out swinging
|
Top of the 8th over - 0 runs, 0 hits, 0 errors, 0 left on base; Pulaski 3 - Seattle (APP) 2 |
BOTTOM OF THE 8TH |
Seattle (APP) Mariners batting - Pitching for Pulaski Yankees : RHP Bobby Savoy
|
Pitching: LHP Steve Martin
|
|
Batting: LHB Omar Colunga
|
0-0: Called Strike 0-1: Called Strike 0-2: Strikes out swinging
|
Pitching: RHP Andres Galindo
|
|
Batting: RHB Chris Van Niel
|
0-0: Ball 1-0: SINGLE (Groundball, 56D, EV 103.1 MPH)
|
Batting: RHB Ivan Davila
|
0-0: Called Strike 0-1: Foul Ball, location: 2F 0-2: Strikes out looking
|
Batting: LHB Chang Huie
|
0-0: Fly out, F6 (Line Drive, 6, EV 68.8 MPH)
|
Bottom of the 8th over - 0 runs, 1 hit, 0 errors, 1 left on base; Pulaski 3 - Seattle (APP) 2 |
TOP OF THE 9TH |
Pulaski Yankees batting - Pitching for Seattle (APP) Mariners : RHP Jose Rios
|
Batting: SHB Victor Ruiz
|
0-0: Foul Ball, location: 2F 0-1: Foul Ball, location: 2F 0-2: Strikes out swinging
|
Batting: LHB Dan Morris
|
0-0: Fly out, F9 (Flyball, 9S, EV 86.9 MPH)
|
Batting: LHB Joel Vera
|
0-0: Ground out 4-3 (Groundball, 4, EV 103.1 MPH)
|
Top of the 9th over - 0 runs, 0 hits, 0 errors, 0 left on base; Pulaski 3 - Seattle (APP) 2 |
BOTTOM OF THE 9TH |
Seattle (APP) Mariners batting - Pitching for Pulaski Yankees : RHP Andres Galindo
|
Pitching: RHP John Robidoux
|
|
Batting: RHB Victor Rosas
|
0-0: Ground out 5-3 (Groundball, 5, EV 103.8 MPH)
|
Pinch Hitting: SHB Carlos Luna
|
0-0: Ball 1-0: Ball 2-0: Ball 3-0: Called Strike 3-1: Fly out, F7 (Flyball, 7D, EV 84.4 MPH)
|
Pinch Hitting: SHB Garrett McKenna
|
0-0: Called Strike 0-1: Called Strike 0-2: Strikes out swinging
|
Bottom of the 9th over - 0 runs, 0 hits, 0 errors, 0 left on base; Pulaski 3 - Seattle (APP) 2 |
|